 Dungeon Crawl Stone Soup version 0.18-a0-1211-g828307d (webtiles) character file.

1264 Duffy the Cudgeler (level 8, -12/45 HPs)
             Began as a Vine Stalker Fighter on Feb 2, 2016.
             Mangled by Duvessa
             ... wielding a +5 short sword of speed
              (13 damage)
             ... on level 6 of the Dungeon.
             The game lasted 00:03:17 (2628 turns).

Duffy the Cudgeler (Vine Stalker Fighter)           Turns: 2628, Time: 00:03:17

Health: -12/45     AC:  9    Str: 19    XL:     8   Next: 52%
Magic:  0/9        EV:  7    Int: 10    God:
Gold:   298        SH:  9    Dex: 14    Spells: 0 memorised, 7 levels left

rFire  . . .     SeeInvis .     a - +0 flail
rCold  + . .     Gourm    .     b - +0 scale mail
rNeg   . . .     Faith    .     c - +0 shield
rPois  +         Spirit   +     g - +2 helmet
rElec  .         Dismiss  .     (no cloak)
rCorr  .         Reflect  .     (no gloves)
SustAt .         Harm     .     (no boots)
MR     +....                    (no amulet)
Stlth  ..........               l - ring of protection from cold
                                r - ring of poison resistance

@: somewhat resistant to hostile enchantments, extremely unstealthy
A: fangs 3, regeneration 2, magic shield, antimagic bite, no device heal 3, rot
immunity
a: no special abilities


You were on level 6 of the Dungeon.
You were hungry.

You visited 1 branch of the dungeon, and saw 7 of its levels.

You collected 298 gold pieces.


Innate Abilities, Weirdness & Mutations

You have razor-sharp teeth.
You heal very quickly.
When hurt, damage is shared between your health and your magic reserves.
Your bite disrupts and absorbs the magic of your enemies.
Potions and wands cannot restore your health.
You are immune to rotting.


   Skills:
 + Level 6.7 Fighting
 + Level 7.0 Maces & Flails
 - Level 2.4 Armour
 - Level 2.6 Shields


You had 7 spell levels left.
You didn't know any spells.

Inventory:

Hand Weapons
 a - a +0 flail (weapon)
Armour
 b - a +0 scale mail (worn)
 c - a +0 shield (worn)
 g - a +2 helmet (worn)
 o - a +0 chain mail
Jewellery
 l - a ring of protection from cold (right hand)
 r - a ring of poison resistance (left hand)
 u - an uncursed ring of wizardry {unknown}
 x - the ring "Rude" {*Tele Dex+3, unknown}

   [ring of teleportation]

   It may teleport you next to monsters.
   It affects your dexterity (+3).
Wands
 p - a wand of slowing (0/48)
Scrolls
 e - a scroll of recharging {unknown}
 j - 2 scrolls of teleportation {unknown}
 k - a scroll of noise {unknown}
 q - a scroll of fog {unknown}
 t - a scroll of enchant armour {unknown}
 w - a scroll of immolation {unknown}
 y - 2 scrolls of identify {unknown}
Potions
 d - a potion of might
 h - 2 potions of curing {unknown}
 i - a potion of brilliance {unknown}
 v - a potion of ambrosia {unknown}
Books
 m - a book of Envenomations
Comestibles
 f - 2 bread rations
 n - a beef jerky
 s - 2 chunks of flesh
 z - 2 meat rations

Dungeon Overview and Level Annotations

Branches:
Dungeon (7/15)
 Temple: D:4-7

Altars:
Pakellas
Qazlal

Shops:
D:4 :   D:5 (

Annotations:
D:6 Duvessa


Message History

You are too injured to fight recklessly!
You are too injured to fight recklessly!
You are too injured to fight recklessly!
You are too injured to fight recklessly!
You hit Duvessa but do no damage.
Duvessa is lightly wounded.
You block Duvessa's attack.
Duvessa hits you with a short sword of speed.
You barely miss Duvessa.
Duvessa is lightly wounded.
Duvessa hits you with a short sword of speed.
You block Duvessa's attack.
Your shield and scale mail prevent you from hitting Duvessa.
You bite Duvessa! You drain her power.
You feel invigorated.
Duvessa is lightly wounded.
You block Duvessa's attack. Duvessa barely misses you.
You sock Duvessa! Your bite misses Duvessa.
Duvessa is moderately wounded.
Duvessa barely misses you. You block Duvessa's attack.
You sock Duvessa! You bite Duvessa. You drain her power.
Duvessa is heavily wounded.
Duvessa hits you with a short sword of speed.
Duvessa hits you but does no damage.
You hit Duvessa. You bite Duvessa! You drain her power.
You feel invigorated.
Duvessa is severely wounded.
You block Duvessa's attack.
Duvessa hits you with a short sword of speed.
You barely miss Duvessa. Your bite misses Duvessa.
Duvessa is severely wounded.
You block Duvessa's attack.
Duvessa hits you with a short sword of speed!
You hit Duvessa.
Duvessa is severely wounded.
Duvessa hits you with a short sword of speed! x2
You die...

..... #............. #......
#######......#......
#......##.........#.##......
#......#..#.......#.##..[...
#......#.##.##....#.##......
#...........#(.####.#.......
#..............####)#.##....
##.)....#.##e................
#...#......)@..............#.
#.....#..###.####....###.#.
#.#...##..# .# #...## #.#<
....#.###.# .# #..## #...
......... ... ..## ##.. #....
... ....# ..# #.. #.........
....##.. ##. #... ..... ....#
#. ................ ##


You could see Duvessa (berserk).

Action                   |  1- 3 |  4- 6 |  7- 9 || total
-------------------------+-------+-------+-------++-------
Melee: Flail             |    96 |   148 |   173 ||   417
  Eat: Chunk             |       |     1 |     5 ||     6

Notes
Turn   | Place    | Note
--------------------------------------------------------------
     0 | D:1      | Duffy the Vine Stalker Fighter began the quest for the Orb.
     0 | D:1      | Reached XP level 1. HP: 11/11 MP: 2/2
   133 | D:1      | Reached skill level 2 in Maces & Flails
   152 | D:2      | Noticed Robin
   164 | D:3      | Reached XP level 2. HP: 16/16 MP: 3/3
   261 | D:2      | Reached skill level 3 in Maces & Flails
   263 | D:2      | Reached XP level 3. HP: 19/19 MP: 4/4
   269 | D:2      | Killed Robin
   401 | D:3      | Found a faded altar to an unknown god.
   437 | D:3      | Reached skill level 3 in Fighting
   508 | D:3      | Reached XP level 4. HP: 21/24 MP: 5/5
   748 | D:4      | Reached XP level 5. HP: 22/29 MP: 3/6
   841 | D:4      | Found an oddly glowing altar of Pakellas.
   875 | D:4      | Reached skill level 4 in Maces & Flails
   912 | D:4      | Reached skill level 4 in Fighting
   948 | D:5      | Entered Level 5 of the Dungeon
   970 | D:5      | Gained mutation: You heal very quickly. [Vine Stalker growth]
   970 | D:5      | Reached XP level 6. HP: 33/33 MP: 7/7
  1172 | D:5      | Noticed an ice beast
  1187 | D:5      | Killed an ice beast
  1187 | D:5      | Reached skill level 5 in Maces & Flails
  1187 | D:5      | Reached XP level 7. HP: 30/38 MP: 8/8
  1211 | D:5      | Reached skill level 5 in Fighting
  1215 | D:5      | Found Reatar's Antique Weapon Emporium.
  1440 | D:5      | Found a stormy altar of Qazlal.
  1441 | D:5      | Noticed an air elemental
  1443 | D:5      | Noticed a water elemental
  1443 | D:5      | Noticed a fire elemental
  1577 | D:5      | Reached skill level 6 in Maces & Flails
  1853 | D:4      | Found Eliasch's Book Shop.
  1993 | D:4      | Reached skill level 6 in Fighting
  1993 | D:4      | Gained mutation: You have razor-sharp teeth. [Vine Stalker growth]
  1993 | D:4      | Reached XP level 8. HP: 42/44 MP: 9/9
  2046 | D:4      | Noticed Menkaure
  2052 | D:4      | Killed Menkaure
  2426 | D:4      | Got a transparent marble ring
  2544 | D:6      | Noticed Eustachio
  2555 | D:6      | Killed Eustachio
  2582 | D:6      | Noticed Dowan
  2593 | D:6      | Noticed Duvessa
  2619 | D:6      | Killed Dowan
  2619 | D:6      | Reached skill level 7 in Maces & Flails
  2628 | D:6      | Mangled by Duvessa

Vault maps used:
D:1:      ncdulo_lavacross
D:2:      grunt_dithmenos_smoke, uniq_robin, uniq_natasha
D:3:      ecumenical_altar_2, first_bread, kennysheep_generic_room_8
D:4:      serial_shops, shop_statue, solitary_fountain,
          johnstein_pakellas_death_squad, uniq_menkaure
D:5:      nicolae_qazlal_style_of_elements, serial_shops,
          nicolae_shop_temple_entry_statues_fountains
D:6:      uniq_duvessa, uniq_sigmund, uniq_eustachio
D:7:      kennysheep_orc_sif_temple, kennysheep_mini_moat,
          minmay_temple_entry_from_below_b, grunt_livestock,
          minmay_misc_feat_pillars

Vanquished Creatures
  Eustachio Menkaure
  An ice beast
  A sky beast
  2 ogres Dowan
  A centaur zombie
  2 crimson imps
  4 hounds
  2 orc wizards
  2 iguanas
  4 worker ants
  2 hound skeletons Robin
  3 gnolls
  5 adders
  A shadow imp
  An adder skeleton
  2 worms
  3 giant geckos
  2 orcs
  12 goblins
  6 hobgoblins
  18 jackals
  3 quokkas
  2 bats
  A giant newt
  2 kobolds
  2 rats
88 creatures vanquished.
